[Event "ESP-chT Honor Division 2022"]
[Site "Linares"]
[Date "2022.09.20"]
[Round "4.3"]
[White "Korobov, Anton"]
[Black "Pichot, Alan"]
[Result "1-0"]
[ECO "A18"]
[WhiteElo "2671"]
[BlackElo "2641"]
[Annotator "TA"]
[PlyCount "135"]
[EventDate "2022.09.17"]
[EventType "team-tourn"]
[EventCountry "ESP"]
[SourceTitle "playchess.com"]
[Source "ChessBase"]
[SourceQuality "1"]
[TimeControl "5400+30"]

1. c4 Nf6 2. Nc3 e6 3. e4 d5 4. e5 d4 5. exf6 dxc3 6. bxc3 Qxf6 7. Nf3 b6 8. d4 Bb7 9. Bd3 $1 {[%emt 0:00:08] Threatens to win with Bg5. BESTDEEP The main line 9.Bd3 scores better than 9.Be2.} h6 {[%emt 0:01:31] Against Bg5. BESTDEEP. A18: English Opening: Flohr-Mikenas System (1 c4 Nf6 2 Nc3 e6 3 e4).} 10. O-O {[%emt 0:00:34] BESTDEEP} Nd7 {[%emt 0:01:03] Inhibits Ne5. CPLX 2.7 23 (Bb7xf3) (=12)} 11. Re1 {[%emt 0:01:34] CPLX 2.5 22 (Nf3-d2) (=7)} Bd6 {[%emt 0:00:40] CPLX 2.6 22 (Bb7xf3) (=15). The position is equal.} (11... Bxf3 $5 12. Qxf3 Qxf3 13. gxf3 Bd6 $11) 12. Nd2 {[%emt 0:04:57] BESTDEEP} Qh4 {[%emt 0:01:13] DEEPSTRONG} (12... Bxh2+ $2 13. Kxh2 Qxf2 14. Qe2 (14. Nf3 Bxf3 15. Qd2 Qh4+ 16. Kg1 Bb7 $17) 14... Qh4+ 15. Kg1 $18) 13. h3 {[%emt 0:00:50] BESTDEEP} O-O {[%emt 0:03:22] [#] CPLX 3.9 0 (Bd6-f4) (=9)} 14. Be4 $146 {[%emt 0:08:59] CPLX 4.1 36 (Nd2-e4) (=10)} ({Predecessor:} 14. Ne4 Nf6 15. Nxd6 cxd6 16. a4 Rac8 17. Ba3 Qg5 18. g3 Ne8 19. a5 Qe7 20. Rb1 {½-½ (58) Sitorus,Y (2411)-Ilyasov,A (2395) ICCF email 2018}) 14... Bxe4 {[%emt 0:04:45] CPLX 4.2} 15. Nxe4 {[%emt 0:00:33] RECAPT} Rfd8 {[%emt 0:17:58] CPLX 3.3 19 (Rf8-e8) (=9)} 16. Qf3 {[%emt 0:04:43] CPLX 3.2 3 (a2-a4) (=8)} e5 {[%emt 0:05:01] CPLX 3.8 5 (Qh4-e7) (=9)} 17. Be3 {[%emt 0:06:04] CPLX 3.3 15 (a2-a4) (=8)} Bf8 {[%emt 0:02:43] CPLX 3.3 13 (Rd8-e8) (=9)} 18. Rad1 {[%emt 0:03:43] CPLX 3.1 5 (a2-a4) (=8)} Nf6 {[%emt 0:04:03] RELBLUND 54 (Rd8-e8) (=14)} (18... Re8 $11) 19. Ng3 {[%emt 0:05:44] White is more active. CPLX 3.0 20 (Be3-c1) (=9)} e4 {[%emt 0:03:01] CPLX 2.8} 20. Qe2 {[%emt 0:11:04] CPLX 2.8 22 (Qf3-f4) (=10)} g6 {[%emt 0:02:23] CPLX 2.4} 21. d5 {[%emt 0:16:10] CPLX 2.3 12 (Ng3-f1) (=10)} c5 {[%emt 0:03:18] Prevents Bd4. CPLX 2.6 2 (Nf6-e8) (=11)} 22. dxc6 {[%emt 0:02:42] Hoping for Rxd8. EASY} Rdc8 {[%emt 0:00:35] CPLX 3.2} 23. c5 {[%emt 0:04:01] CPLX 2.9 0 (Qe2-c2) (=9)} Rxc6 {[%emt 0:01:20] EASY} 24. cxb6 {[%emt 0:01:18] CPLX 2.7} axb6 {[%emt 0:00:09] RECAPT} 25. Qb5 {[%emt 0:01:43][%csl LRb6,LRc6] BESTDEEP} Re6 {[%emt 0:05:11] CPLX 3.1 21 (Rc6xc3) (=9)} 26. c4 {[%emt 0:05:27] CPLX 2.9 28 (Qb5-c4) (=9)} Bc5 {[%emt 0:18:22] CPLX 2.9 39 (Nf6-e8) (=11)} 27. Bxc5 {[%emt 0:00:49] EASY} bxc5 {[%emt 0:00:05] RECAPT} 28. Qxc5 {[%emt 0:01:39] RECAPT} Qf4 {[%emt 0:01:21] Inhibits Rd6. CPLX 2.8 0 (Kg8-g7) (=10)} 29. Ne2 {[%emt 0:04:22] CPLX 2.9} Qb8 {[%emt 0:04:10] CPLX 3.4 23 (Qf4-g5) (=11)} 30. Qe3 {[%emt 0:02:24] CPLX 2.8 19 (Ne2-c3) (=8)} Rxa2 {[%emt 0:02:25] CPLX 2.5 12 (Re6-c6) (=11)} 31. Nd4 {[%emt 0:00:55] EASY} Re8 {[%emt 0:03:15] CPLX 3.2 4 (Re6-d6) (=10)} 32. Qxh6 {[%emt 0:01:11] BESTDEEP} Qe5 {[%emt 0:01:22] Inhibits Nf5. CPLX 4.4} 33. Qe3 {[%emt 0:00:16] BESTDEEP} Rc8 {[%emt 0:03:35] Against Nc6. CPLX 3.2 0 (Ra2-a4) (=9)} 34. Rc1 {[%emt 0:02:14] CPLX 3.3 7 (Nd4-f3) (=7)} Ra4 {[%emt 0:01:58] [#] CPLX 3.3 7 (Qe5-c5) (=9)} 35. Nf3 $1 {[%emt 0:02:18] DEEPSTRONG} Qb2 {[%emt 0:01:02] CPLX 3.1 11 (Qe5-a5) (=9)} 36. Ng5 {[%emt 0:00:58] CPLX 3.1 85 (Re1-e2) (=10)} (36. Re2 $16 Qb7 37. Nd2) 36... Ra3 {[%emt 0:02:55] RELBLUND 136 (Ra4xc4) (=14)} (36... Raxc4 $11 37. Rxc4 Rxc4) 37. Re2 $16 {[%emt 0:01:09][%cal Be1e2,Be2b2,Bb2b7][%mdl 32] BESTDEEP} Rxe3 {[%emt 0:05:32] DEEPSTRONG} 38. Rxb2 {[%emt 0:00:07] EASY} Rd3 {[%emt 0:00:03] CPLX 2.2} 39. Rb7 {[%emt 0:00:36] EASY} Nd7 {[%emt 0:02:07] CPLX 2.1 35 (e4-e3) (=14)} 40. Nxe4 {[%emt 0:00:25][%cal Ob7d7] [#] Strongly threatening Rxd7! EASY} Rc6 {[%emt 0:00:16] CPLX 2.2 8 (Rd3-d4) (=14)} 41. Ng5 {[%emt 0:02:37] BESTDEEP} Rc5 {[%emt 0:00:31] CPLX 2.2 43 (Rd3-d6) (=14)} 42. h4 {[%emt 0:00:30] CPLX 2.5} Rd4 {[%emt 0:00:41] CPLX 2.3 40 (Rc5-c8) (=15)} 43. Nf3 {[%emt 0:01:33] CPLX 2.4 74 (g2-g3) (=10)} Rd6 {[%emt 0:00:28] CPLX 2.4} 44. Re1 {[%emt 0:00:40] CPLX 2.0 12 (g2-g3) (=10)} Kf8 {[%emt 0:00:31] Prevents Re8+. BESTDEEP} 45. Re4 {[%emt 0:00:41] CPLX 2.1} Rf5 {[%emt 0:00:21] CPLX 2.1 7 (f7-f5) (=14)} 46. Rc7 {[%emt 0:01:21] BESTDEEP} Nc5 {[%emt 0:00:19] CPLX 2.3 62 (Rf5-c5) (=15)} (46... Rc5 $142 47. Ra7 f5 48. Ra8+ Kf7) 47. Rd4 {[%emt 0:00:37] CPLX 2.5 27 (Re4-e5) (=10)} Rb6 {[%emt 0:00:28] CPLX 2.6 55 (Rd6xd4) (=16)} 48. Ng5 {[%emt 0:00:57] BESTDEEP} Ne6 {[%emt 0:00:47] CPLX 2.4} 49. Nxe6+ {[%emt 0:00:45] CPLX 3.0} Rxe6 $18 {[%emt 0:00:03][%mdl 4096] Endgame KRR-KRR. RECAPT} 50. f4 $2 {[%emt 0:01:38] RELBLUND 196 (g2-g4) (=14)} (50. g4 $18 {and White stays clearly on top.} Rfe5 51. Rdd7) 50... Re2 $16 {[%emt 0:00:36] CPLX 2.0=>BLUNDERREACT} 51. Kh2 {[%emt 0:01:01] Black must now prevent Kg3. BESTDEEP} Rc2 {[%emt 0:00:38] This costs Black the game. CPLX 2.0 143 (Rf5-a5) (=18)} (51... Ra5 $16) 52. Kh3 {[%emt 0:00:48] CPLX 2.0 22 (Kh2-g3) (=14)} Rc3+ {[%emt 0:00:26] CPLX 2.0 22 (Rf5-f6) (=18)} 53. Kg4 {[%emt 0:00:42] CPLX 2.0} Kg7 {[%emt 0:00:53] BESTDEEP} 54. Rdd7 {[%emt 0:00:19] CPLX 2.5 14 (Rd4-d6) (=13)} Kg8 $2 {[%emt 0:00:22] CPLX 2.6 331 (Rf5-f6) (=25)} (54... Rf6 {is tougher.} 55. Re7 Rd3) 55. h5 $18 {[%emt 0:00:59][%cal Bh4h5,Bh5h6][%mdl 32] aiming for hxg6. DEEPSTRONG=>BLUNDERREACT} Rf6 {[%emt 0:00:40] BEVAL 400 (Kg8-g7) (=33)} (55... Kg7 $142 56. hxg6 Kxg6 57. Rd6+ Rf6) 56. h6 {[%emt 0:00:25] BEVAL} Rc2 {[%emt 0:00:27] BEVAL 400 (Rf6-f5) (=40)} 57. g3 $2 {[%emt 0:00:16] RELBLUND 400 (Rd7-d8) (=21)} (57. Rd8+ Kh7 58. Rcc8 Rxf4+ 59. Kxf4 Kxh6 60. c5) 57... Kh7 $2 {[%emt 0:00:34] BEVAL 400 (Rf6-f5) (=48)} (57... Rf5 58. Re7 Kh7 59. Rxf7+ Rxf7 60. Rxf7+ Kxh6) 58. Rxf7+ {[%emt 0:00:07] RELBLUND=>BLUNDERREACT} Rxf7 {[%emt 0:00:02] BEVAL} 59. Rxf7+ {[%emt 0:00:08] BEVAL} Kxh6 {[%emt 0:00:02] KR-KR. BEVAL} 60. Rc7 {[%emt 0:00:07] White wants to mate with c5. BEVAL} Rc3 {[%emt 0:00:19] RELBLUND 400 (g6-g5) (=53)} 61. c5 Rc4 62. c6 Rc3 63. Rc8 Kg7 64. c7 Kh7 65. Kh4 Kg7 66. g4 Rc4 67. Kg3 Rc3+ 68. Kf2 {[%emt 0:00:07] Weighted Error Value: White=0.27 (precise) /Black=0.37} (68. Kg2 $142 Rc4 69. Kf3) 1-0

[Event "ESP-chT Honor Division 2022"]
[Site "Linares"]
[Date "2022.09.20"]
[Round "4.4"]
[White "Perez Candelario, Manuel"]
[Black "Alonso Rosell, Alvar"]
[Result "1-0"]
[ECO "C70"]
[WhiteElo "2566"]
[BlackElo "2564"]
[Annotator "TA"]
[PlyCount "117"]
[EventDate "2022.09.17"]
[EventType "team-tourn"]
[EventCountry "ESP"]
[SourceTitle "playchess.com"]
[Source "ChessBase"]
[SourceQuality "1"]
[TimeControl "5400+30"]

1. e4 e5 2. Nf3 Nc6 3. Bb5 a6 4. Ba4 g6 5. d4 b5 {[%emt 0:00:29] BESTDEEP} 6. Bb3 {[%emt 0:00:19] CPLX 2.5. C70: Ruy Lopez: 3...a6 4 Ba4, Norwegian and Delayed Schliemann.} exd4 {[%emt 0:00:08] CPLX 2.4} 7. O-O $5 {[%emt 0:06:08][%mdl 4] CPLX 2.4 31 (Nf3xd4) (=16) Leaves trodden paths.} Bg7 {[%emt 0:02:37] BESTDEEP} 8. c3 {[%emt 0:06:36][%cal Rc3d4] BESTDEEP. White has an edge.} Na5 9. Bc2 {[%emt 0:00:15] CPLX 2.6 27 (c3xd4) (=15)} d6 {[%emt 0:11:55] CPLX 2.4 14 (d4xc3) (=3)} 10. cxd4 {[%emt 0:03:09] CPLX 2.4 0 (Bc1-g5) (=12)} (10. Bg5 {is interesting.} Ne7 11. cxd4 Bg4 12. Nc3) 10... Nf6 {[%emt 0:02:27] [#] RELBLUND 58 (Ng8-e7) (=12)} (10... Ne7 $11) 11. Nc3 $146 {[%emt 0:07:26] MISSDEEP-Qd1-e1 61 (Qd1-e1) (=20)} ({White should try} 11. Qe1 $1 $16 {And now e5 would win.} Nc4 12. a4) ({Predecessor:} 11. h3 O-O 12. Nc3 Bb7 13. Re1 Re8 14. a3 c5 15. d5 Nc4 16. Rb1 b4 17. axb4 cxb4 {1-0 (40) Martinez Alcantara,J (2598)-Selbes,T (2287) Chess.com INT 2022}) 11... O-O {[%emt 0:18:11] CPLX 2.3 8 (Bc8-b7) (=11)} 12. Re1 {[%emt 0:00:17] CPLX 2.3 5 (b2-b4) (=18)} Re8 {[%emt 0:01:59] CPLX 2.3 0 (Bc8-b7) (=10)} 13. Bg5 {[%emt 0:05:29] CPLX 2.4 12 (e4-e5) (=17)} h6 {[%emt 0:05:51] CPLX 2.9} 14. Bh4 {[%emt 0:00:04] BESTDEEP} g5 {[%emt 0:16:42] CPLX 2.9 10 (Bc8-b7) (=9)} 15. Bg3 {[%emt 0:00:04] CPLX 2.9} Bg4 {[%emt 0:02:50] CPLX 2.6 51 (Bc8-b7) (=13)} ({Black should play} 15... Bb7 $14) 16. h3 $16 {[%emt 0:07:10] CPLX 2.8} Bh5 {[%emt 0:00:48] CPLX 3.0 15 (Bg4-e6) (=13)} 17. e5 {[%emt 0:06:55] EASY} dxe5 {[%emt 0:03:17] CPLX 3.3 10 (Nf6-d7) (=13)} 18. dxe5 {[%emt 0:08:47] Strongly threatening Qxd8. RECAPT} Qxd1 {[%emt 0:03:07] CPLX 3.3} 19. Bxd1 {[%emt 0:00:23][%cal Bc2d1,Bd1f3,Bf3a8,Ba8b7,Bb7a6,Ba6c4][%mdl 32] RECAPT} ({Don't take} 19. Raxd1 Bxf3 20. gxf3 Nh5 $11) 19... Nd7 {[%emt 0:10:24] CPLX 2.4} 20. Nd5 $36 {[%emt 0:06:16][%mdl 2048] Keeping Black busy. BESTDEEP} Bxf3 {[%emt 0:12:32] CPLX 2.4 102 (Ra8-c8) (=17)} (20... Rac8 $16) 21. Bxf3 $18 {[%emt 0:00:18] RECAPT} Nxe5 {[%emt 0:00:37] BESTDEEP} 22. Bxe5 {[%emt 0:03:14] MISS-Nd5-e7 36 (Nd5-e7) (=10)} ({Inferior is} 22. Nxc7 Nxf3+ 23. gxf3 Rxe1+ 24. Rxe1 Rd8 $11) 22... Bxe5 {[%emt 0:02:07] [#] RECAPT} 23. Ne7+ {[%emt 0:00:50][%mdl 576] Discovered Attack. EASY} Rxe7 {[%emt 0:00:06] EASY} 24. Bxa8 {[%emt 0:00:02] EASY} Kf8 {[%emt 0:02:50] CPLX 2.7 10 (f7-f6) (=14)} 25. Rac1 {[%emt 0:01:07] BESTDEEP} Nc4 {[%emt 0:00:16] CPLX 2.5 29 (Kf8-e8) (=15)} 26. b3 {[%emt 0:00:37] EASY} Nb6 {[%emt 0:00:50] CPLX 2.7 2 (Nc4-d6) (=14)} 27. Bb7 {[%emt 0:00:55] CPLX 2.8} Bd6 {[%emt 0:00:47] CPLX 2.6 27 (f7-f6) (=15)} 28. Rxe7 {[%emt 0:02:21] CPLX 2.7 5 (Bb7xa6) (=8)} Kxe7 {[%emt 0:00:04] RECAPT} 29. Bxa6 {[%emt 0:00:06][%mdl 4096] Endgame KRB-KBN. EASY} b4 {[%emt 0:00:02] CPLX 2.1} 30. Re1+ {[%emt 0:00:42] CPLX 2.1} Kf6 {[%emt 0:00:17] CPLX 2.1 16 (Ke7-f8) (=14)} 31. Re8 {[%emt 0:02:50] CPLX 2.1} Nd5 {[%emt 0:00:32] CPLX 2.2 0 (Nb6-d7) (=13)} 32. Bc4 {[%emt 0:00:42] CPLX 2.1 15 (g2-g3) (=7)} Nc3 {[%emt 0:00:06] CPLX 2.4 22 (Nd5-e7) (=13)} 33. Rd8 {[%emt 0:02:33] CPLX 2.3 8 (Re8-a8) (=7)} Kg6 {[%emt 0:01:40] CPLX 2.4} 34. g4 {[%emt 0:02:09] CPLX 2.4 5 (Rd8-g8) (=7)} Nxa2 {[%emt 0:00:23] BESTDEEP} 35. Rd7 {[%emt 0:00:14] CPLX 2.5 20 (Rd8-g8) (=8)} Nc3 {[%emt 0:00:45] CPLX 2.6 106 (f7-f5) (=15)} (35... f5 $142 36. Kg2 Nc3) 36. Bxf7+ {[%emt 0:00:39] CPLX 2.8=>BLUNDERREACT} ({Much less strong is} 36. Rxf7 Ne2+ 37. Kf1 Nf4 $18) 36... Kf6 {[%emt 0:00:02] CPLX 2.5} 37. Bc4 {[%emt 0:00:13] Prevents Ne2+. CPLX 2.6} Ne4 {[%emt 0:00:27] CPLX 2.6 3 (Nc3-b1) (=15)} 38. Kg2 {[%emt 0:02:55] CPLX 2.6} Nd2 {[%emt 0:01:16] CPLX 2.6} 39. Bg8 {[%emt 0:00:37] CPLX 2.7} Ne4 {[%emt 0:00:30] BESTDEEP} 40. Kf3 {[%emt 0:04:08] BESTDEEP} Nc5 {[%emt 0:00:01] CPLX 2.8 8 (Kf6-e5) (=14)} 41. Rd8 {[%emt 0:00:39] CPLX 2.8 38 (Rd7-f7) (=7)} Nd3 {[%emt 0:00:48] [#] CPLX 2.5} 42. Bc4 $1 {[%emt 0:02:41] BESTDEEP} Ne5+ {[%emt 0:00:38] CPLX 2.7 30 (Nd3-f4) (=14)} 43. Ke4 {[%emt 0:00:28] CPLX 2.5} Ng6 {[%emt 0:00:12] BESTDEEP} 44. f3 {[%emt 0:03:30] CPLX 2.5} Ke7 {[%emt 0:00:53] CPLX 2.5 0 (Ng6-f8) (=13)} 45. Ra8 {[%emt 0:00:50] CPLX 2.8} Kf6 {[%emt 0:00:11] DEEPSTRONG} 46. Ra6 {[%emt 0:00:40] CPLX 2.4} Ne5 {[%emt 0:00:32] CPLX 2.6 38 (Kf6-e7) (=13)} 47. Ra5 {[%emt 0:00:25] BESTDEEP} Nd7 {[%emt 0:00:33] BESTDEEP} 48. Rf5+ {[%emt 0:00:39] CPLX 2.4} Kg6 {[%emt 0:00:02] EASY} 49. Kd5 {[%emt 0:01:04] CPLX 2.5 1 (Ke4-d4) (=6)} Kg7 {[%emt 0:00:42] BESTDEEP} 50. Kd4 {[%emt 0:00:55] Hoping for Rf7+. CPLX 2.4} Nf6 {[%emt 0:00:20] CPLX 2.4 0 (Kg7-g6) (=12)} 51. Be6 {[%emt 0:00:44] CPLX 2.5} Kg6 {[%emt 0:00:33] CPLX 2.5 0 (Bd6-e7) (=12)} 52. Kc4 {[%emt 0:01:31] CPLX 2.8} Be7 {[%emt 0:00:42] CPLX 2.8 0 (Kg6-g7) (=12)} 53. Kb5 {[%emt 0:00:24] BESTDEEP} Kg7 {[%emt 0:00:54] CPLX 2.7 53 (Be7-d6) (=12)} 54. f4 {[%emt 0:01:35] CPLX 2.5} Kg6 {[%emt 0:00:26] CPLX 2.7 207 (g5xf4) (=16)} (54... gxf4 55. Rxf4 Kg6) 55. fxg5 {[%emt 0:00:04] CPLX 2.9. White is clearly winning.} hxg5 {[%emt 0:00:04] CPLX 3.2 102 (Nf6-e4) (=18)} 56. Kc6 {[%emt 0:00:33] CPLX 2.6} Bd6 {[%emt 0:00:02] CPLX 2.7} 57. Bc4 {[%emt 0:00:16] CPLX 2.8} Bf4 {[%emt 0:00:37] CPLX 2.8} 58. Bd3 {[%emt 0:00:43] aiming for Rxf4+. CPLX 2.8} Kg7 {[%emt 0:00:50] CPLX 2.8} 59. Rb5 {[%emt 0:00:14] Weighted Error Value: White=0.05 (flawless) /Black=0.18 (very precise)} 1-0

[Event "ESP-chT Honor Division 2022"]
[Site "Linares"]
[Date "2022.09.20"]
[Round "4.5"]
[White "Henderson de La Fuente, Lance"]
[Black "Stefanova, Antoaneta"]
[Result "1/2-1/2"]
[ECO "D10"]
[WhiteElo "2504"]
[BlackElo "2472"]
[Annotator "TA"]
[PlyCount "65"]
[EventDate "2022.09.17"]
[EventType "team-tourn"]
[EventCountry "ESP"]
[SourceTitle "playchess.com"]
[Source "ChessBase"]
[SourceQuality "1"]
[TimeControl "5400+30"]

1. d4 d5 2. c4 c6 3. cxd5 cxd5 4. Bf4 Nf6 5. Nc3 Nc6 6. e3 Bf5 7. Nf3 e6 8. Bb5 Nd7 9. O-O Be7 10. Ne5 Ndxe5 11. Bxe5 O-O 12. Bxc6 bxc6 {[%emt 0:00:05] RECAPT. The position is equal.} 13. Na4 {[%emt 0:00:05] BESTDEEP. D14: Slav Defence: Exchange variation with ...Bf5.} Qa5 {[%emt 0:00:32] CPLX 2.7} 14. Qb3 {[%emt 0:19:19] BESTDEEP} f6 {[%emt 0:03:38] CPLX 2.8} 15. Bg3 {[%emt 0:00:32] CPLX 2.8} c5 {[%emt 0:03:25] CPLX 2.5} 16. Nxc5 Bxc5 {[%emt 0:00:10] RECAPT} 17. dxc5 {[%emt 0:00:04] RECAPT} Qxc5 {[%emt 0:00:05] [#] RECAPT} 18. Rfc1 $146 {[%emt 0:00:22] CPLX 2.3} ({Predecessor:} 18. Rac1 Qb6 19. Qxb6 axb6 20. a3 Rfc8 21. Rfd1 Bc2 22. Re1 e5 23. f3 Rc4 24. Re2 {0-1 (45) Saif,A (2040)-Wageih,K (2105) Dubai 2007}) 18... Qb6 {[%emt 0:01:17] CPLX 2.7} 19. Qxb6 {[%emt 0:10:29] BESTDEEP} axb6 {[%emt 0:00:04] RECAPT} 20. Bc7 {[%emt 0:02:13] BESTDEEP} Rfc8 {[%emt 0:04:30] EASY} 21. a3 {[%emt 0:03:37] CPLX 2.0 6 (a2-a4) (=1)} b5 {[%emt 0:01:52] CPLX 2.1 6 (e6-e5) (=1)} 22. Rc5 {[%emt 0:07:39] BESTDEEP} Ra4 {[%emt 0:11:50] CPLX 2.3 4 (Bf5-d3) (=1)} 23. b3 {[%emt 0:01:49] CPLX 2.5} Ra7 {[%emt 0:02:10] CPLX 2.7 0 (Ra4-a8) (=1)} 24. Bb6 {[%emt 0:01:20] CPLX 2.4} Rxc5 {[%emt 0:00:36] CPLX 2.6 0 (Ra7-a8) (=1)} 25. Bxc5 $11 {[%emt 0:00:06][%mdl 4096] Endgame KRB-KRB. RECAPT} Rc7 {[%emt 0:01:23] BESTDEEP} 26. Rc1 {[%emt 0:03:20] BESTDEEP} e5 {[%emt 0:05:18] CPLX 2.3 0 (Kg8-f7) (=1)} 27. Kf1 {[%emt 0:00:29] BESTDEEP} Kf7 {[%emt 0:11:14] CPLX 2.1 0 (Rc7-c8) (=1)} 28. Ke1 {[%emt 0:01:15] CPLX 2.1 0 (Kf1-e2) (=0)} Bd7 {[%emt 0:00:21] BESTDEEP} 29. Kd2 {[%emt 0:00:13] CPLX 2.0} Ke6 {[%emt 0:00:15] CPLX 2.0 0 (g7-g5) (=1)} 30. Bf8 {[%emt 0:00:41] CPLX 2.0 0 (Bc5-b4) (=0)} Rxc1 {[%emt 0:00:28] EASY} 31. Kxc1 {[%emt 0:00:07] RECAPT} g6 {[%emt 0:00:21] CPLX 2.0 0 (g7-g5) (=1)} 32. Kd2 {[%emt 0:00:20] CPLX 2.0} d4 {[%emt 0:01:33] CPLX 2.0} 33. exd4 {[%emt 0:00:21] A rather calm draw.  Weighted Error Value: White=0.00 (flawless) /Black=0.01 (flawless)} 1/2-1/2

[Event "ESP-chT Honor Division 2022"]
[Site "Linares"]
[Date "2022.09.20"]
[Round "4.6"]
[White "Garrido Outon, Alex"]
[Black "Cramling, Pia"]
[Result "0-1"]
[ECO "B46"]
[WhiteElo "2411"]
[BlackElo "2468"]
[Annotator "TA"]
[PlyCount "70"]
[EventDate "2022.09.17"]
[EventType "team-tourn"]
[EventCountry "ESP"]
[SourceTitle "playchess.com"]
[Source "ChessBase"]
[SourceQuality "1"]
[TimeControl "5400+30"]

1. e4 c5 2. Nf3 e6 3. d4 cxd4 4. Nxd4 Nc6 5. Nc3 a6 {[%emt 0:00:17] CPLX 2.3 10 (Ng8-f6) (=10)} 6. Qd3 {[%emt 0:00:34] CPLX 2.3 18 (Bf1-e2) (=18). B46: Sicilian: Taimanov: 5 Nc3 a6.} Nxd4 $1 {[%emt 0:08:19][%mdl 4] CPLX 2.4 13 (d7-d5) (=12) is currently scoring better than 6...Qc7.} 7. Qxd4 {[%emt 0:00:09] RECAPT} Ne7 {[%emt 0:06:20] CPLX 2.2 18 (Qd8-c7) (=14)} 8. Bf4 {[%emt 0:06:19] CPLX 2.0. White is slightly better.} Nc6 {[%emt 0:05:02] [#] CPLX 2.2} 9. Qd3 $146 {[%emt 0:05:24] CPLX 2.8 15 (Qd4-d2) (=8)} ({Predecessor:} 9. Qd2 b5 10. a3 Bb7 11. Be2 Bc5 12. Bd6 Bxd6 13. Qxd6 Qb8 14. Qd2 O-O 15. Rd1 {0-1 (36) Fedoseev,V (2686)-Andreikin,D (2729) Chess.com INT 2022}) 9... b5 {[%emt 0:04:34] BESTDEEP} 10. O-O-O {[%emt 0:06:43] CPLX 2.4 34 (Bf1-e2) (=13)} Bc5 {[%emt 0:05:33] CPLX 2.8} 11. e5 {[%emt 0:03:45] CPLX 2.9 8 (Qd3-g3) (=13)} f5 {[%emt 0:08:57] Prevents Ne4. CPLX 2.8 68 (Bc8-b7) (=16)} (11... Bb7 $14) 12. exf6 $1 $16 {[%emt 0:03:14] DEEPSTRONG} Qxf6 {[%emt 0:00:09] RECAPT} 13. g3 {[%emt 0:07:45] BESTDEEP} Qe7 {[%emt 0:03:29] CPLX 3.1 65 (Qf6-g6) (=19)} (13... d5 $2 14. Nxd5 $1 exd5 15. Qxd5 $18) ({Better is} 13... Qg6) 14. Ne4 {[%emt 0:26:37] CPLX 2.9 44 (Bf1-g2) (=13)} d5 {[%emt 0:06:43] CPLX 3.3} 15. Nxc5 {[%emt 0:03:02] CPLX 3.0 0 (Bf4-g5) (=12)} Qxc5 {[%emt 0:00:10] RECAPT} 16. Be3 {[%emt 0:00:14] CPLX 2.7} Qe7 {[%emt 0:06:57] CPLX 2.9 15 (d5-d4) (=16)} 17. Qc3 $36 {[%emt 0:01:45][%mdl 2048] Black is under strong pressure. CPLX 2.4} Bb7 {[%emt 0:04:57][%cal Od5d4] CPLX 2.9} 18. Bh3 {[%emt 0:07:37] BESTDEEP} b4 {[%emt 0:15:59] BESTDEEP} 19. Qd2 {[%emt 0:03:48] Bg5 is the strong threat. BESTDEEP} O-O {[%emt 0:00:32][%cal Od5d4] CPLX 2.4} 20. Rhe1 {[%emt 0:00:32] And now Bg5 would win. BESTDEEP} Rfe8 {[%emt 0:03:56] BESTDEEP} 21. f4 {[%emt 0:01:34] CPLX 2.5 0 (Be3-b6) (=7)} Qd6 {[%emt 0:01:42] CPLX 2.5 50 (a6-a5) (=14)} (21... a5 $16) 22. Qf2 $18 {[%emt 0:01:27] BESTDEEP} a5 {[%emt 0:04:08] CPLX 2.5} 23. Bc5 {[%emt 0:02:45] CPLX 2.5} Qd7 {[%emt 0:00:05] EASY} 24. Qe2 {[%emt 0:02:26] CPLX 2.6 4 (Qf2-e3) (=6)} Bc8 {[%emt 0:05:42] [#] CPLX 2.7 66 (Nc6-d8) (=15)} (24... Nd8 $16 25. Bb6 Bc8) 25. Qf3 {[%emt 0:06:17] CPLX 2.6 92 (f4-f5) (=11)} (25. f5 $1 $18 e5 26. Bg2) 25... Qf7 $16 {[%emt 0:01:46] BESTDEEP} 26. f5 {[%emt 0:04:42] BESTDEEP} Bd7 {[%emt 0:00:21] CPLX 2.9 22 (Nc6-e7) (=15)} 27. g4 {[%emt 0:01:16] CPLX 2.9 54 (Bh3-g2) (=12)} ({White should try} 27. Bg2) 27... exf5 {[%emt 0:02:46] CPLX 2.8} 28. gxf5 {[%emt 0:00:06] RECAPT} d4 {[%emt 0:01:47] CPLX 3.2 23 (Re8xe1) (=15)} 29. Rg1 {[%emt 0:04:35] Strongly threatening Rxd4. CPLX 3.4 18 (Bh3-g2) (=12)} Re3 {[%emt 0:02:04] CPLX 3.6 7 (Ra8-d8) (=14)} 30. Qg2 {[%emt 0:00:01] CPLX 4.2} Rae8 {[%emt 0:00:53] [#] CPLX 4.7 92 (Ra8-c8) (=17)} (30... Rc8 $14) 31. Bxd4 $2 {[%emt 0:00:59] MISSDEEP-Bh3-g4 162 (Bh3-g4) (=17)} ({White must play} 31. Bg4 $1 $18 {[%cal Rg4h5] Hoping for Bh5!} R8e4 32. Bf3) 31... Nxd4 $11 {[%emt 0:00:19] RECAPT} 32. Rxd4 {[%emt 0:00:02] RECAPT} Bb5 {[%emt 0:01:52] CPLX 3.7 6 (Bd7-c8) (=16)} 33. Bg4 {[%emt 0:02:05][%cal Og4h5] Black must now prevent Bh5! BESTDEEP} Qxa2 {[%emt 0:00:33] ( -> ...Re1+). CPLX 3.1} 34. Bf3 $2 {[%emt 0:00:31][%mdl 8192] RELBLUND 400 (Bg4-d1) (=29)} (34. Bd1 $11 R3e7 35. f6 (35. Qd5+ Qxd5 36. Rxd5 Re5 $17) 35... Qa1+ 36. Kd2 Qxb2 37. Qd5+ Kh8 38. fxg7+ (38. fxe7 Qc3+ 39. Kc1 Qa1+ 40. Kd2 Qc3+ 41. Kc1 Qa1+ 42. Kd2 Qc3+ $11) 38... Rxg7 39. Rxg7 Qc3+ 40. Kc1 Qa1+ 41. Kd2 Qc3+ 42. Kc1 Qa1+ 43. Kd2 Qc3+) 34... Re1+ $19 {[%emt 0:00:31] CPLX 5.5=>BLUNDERREACT} 35. Rxe1 {[%emt 0:00:31] RELBLUND 400 (Rd4-d1) (=42)} Qa1+ {[%emt 0:00:08] Weighted Error Value: White=0.54/Black=0.18 (very precise)} ({Not} 35... Rxe1+ 36. Rd1 Rxd1+ 37. Bxd1 $11) 0-1